Map: Kairos Junction LE

Players

ChaosWxrm

  • Race: Zerg Zerg
  • League: Platinum
  • Spawn Location: 5:00

GntlmnBastrd - Winner!

  • Race: Terran Terran
  • League: Diamond
  • Spawn Location: 11:00

VOD

Have the link to the VOD?

Description

Time

  • Played on: June 7, 2019, 11:01 p.m.
  • Length: 8:41
Show
View Real Time Build Order
Export as new Build Order

ChaosWxrm Zerg 

Build Orders: Pool First 

Get SALT Encoding   

  12  0:02  Drone  
  13  0:23  Spawning Pool  
  12  0:29  Drone  
  12  0:30  Drone  
  14  0:46  Extractor  
  13  0:52  Drone  
  13  0:55  Overlord  
  14  1:12  Hatchery  
  13  1:20  Zergling x2  
  13  1:21  Zergling x2  
  15  1:30  Zergling x2  
  16  1:43  Drone x2  
  18  1:50  Queen  
  20  2:05  Drone x2  
  22  2:19  Overlord  
  22  2:26  Queen  
  22  2:29  Drone x2  
  26  2:35  Drone  
  26  2:52  Drone x3  
  26  2:53  Metabolic Boost  
  29  3:04  Drone  
  29  3:05  Drone x3  
  33  3:22  Lair, Extractor  
  33  3:55  Zergling x2  
  33  3:56  Zergling x6  
  33  3:57  Overlord  
  33  3:58  Overlord x3  
  36  4:05  Baneling Nest  
  35  4:13  Zergling x2  
  36  4:18  Zergling x8  
  40  4:27  Nydus Network  
  36  4:44  Zergling x14  
  42  4:49  Zergling x2  
  42  4:52  Zergling x4  
  45  4:53  Zergling x2  
  46  5:01  Drone  
  46  5:02  Drone x3  
  50  5:07  Baneling x4  
  50  5:08  Baneling x2  
  50  5:10  Zergling x2  
  51  5:16  Zergling x4  
  53  5:22  Queen  
  53  5:24  Overlord  
  55  5:28  Nydus Canal  
  55  5:37  Zergling x4  
  55  5:38  Zergling x6  
  60  5:45  Nydus Canal  
  45  6:10  Drone x4  
  45  6:11  Drone x5  
  54  6:17  Extractor  
  53  6:20  Extractor  
  53  6:23  Spire  
  51  6:32  Drone  
  52  6:33  Drone x2  
  54  6:44  Drone  
  54  6:45  Drone x6  
  61  6:58  Overseer  
  61  6:59  Overlord x2  
  61  7:24  Hatchery  
  60  7:41  Mutalisk x8  
  76  7:52  Overlord  
  76  7:53  Overlord  
  76  8:12  Mutalisk x3  
  76  8:15  Overlord  
Show
View Real Time Build Order
Export as new Build Order

GntlmnBastrd Terran - Winner!

Build Orders: Reaper Expand, Mech 

Get SALT Encoding   

  12  0:00  SCV  
  13  0:13  SCV  
  14  0:17  Supply Depot  
  14  0:25  SCV  
  15  0:38  SCV  
  15  0:41  Barracks  
  16  0:46  Refinery  
  16  0:50  SCV  
  17  1:03  SCV  
  18  1:15  SCV  
  19  1:27  Orbital Command  
  19  1:30  Reaper  
  20  1:45  Command Center  
  20  1:55  Refinery, SCV  
  21  2:04  Marine, Supply Depot  
  22  2:15  SCV  
  23  2:26  Barracks Reactor  
  23  2:29  Factory  
  23  2:30  SCV  
  24  2:42  SCV  
  25  2:54  SCV  
  25  2:57  Orbital Command  
  26  3:06  SCV  
  27  3:12  Factory  
  27  3:18  Hellion x2  
  27  3:19  Supply Depot  
  31  3:23  Barracks Tech Lab  
  31  3:25  SCV x2  
  33  3:44  SCV x2  
  33  3:47  Hellion, Supply Depot  
  33  3:48  Hellion  
  38  3:56  Starport, SCV x2  
  40  4:04  Siege Tank  
  40  4:08  Barracks Tech Lab, SCV x2  
  40  4:09  Hellion x2  
  49  4:13  Supply Depot  
  49  4:17  Supply Depot  
  49  4:20  SCV  
  49  4:22  SCV  
  51  4:32  SCV  
  52  4:39  SCV  
  52  4:43  Hellion x2, Siege Tank  
  52  4:44  SCV  
  61  4:49  Viking  
  63  4:53  SCV  
  63  4:54  Supply Depot  
  63  4:56  SCV  
  65  5:00  Refinery  
  65  5:02  Refinery  
  65  5:05  SCV  
  66  5:08  SCV  
  69  5:14  Hellion x2  
  69  5:15  Siege Tank  
  69  5:17  SCV  
  69  5:19  Infernal Pre-Igniter  
  69  5:20  SCV  
  76  5:29  SCV  
  76  5:33  SCV  
  78  5:42  SCV  
  71  6:09  SCV  
  71  6:10  SCV  
  73  6:12  Hellion, Siege Tank  
  73  6:13  Hellion  
  80  6:20  Banshee  
  80  6:21  Cloaking Field  
  83  6:26  Barracks Tech Lab  
  83  6:28  Factory  
  83  6:29  Factory  
  83  6:31  Factory, SCV x2, Armory  
  85  6:37  Command Center  
  85  6:43  SCV  
  86  6:48  Supply Depot  
  86  6:51  Supply Depot  
  86  7:00  Supply Depot  
  86  7:10  Hellion, Siege Tank, SCV x2  
  86  7:13  Banshee, Supply Depot, Hellion  
  98  7:20  Supply Depot  
  98  7:22  SCV, Factory Tech Lab  
  99  7:23  Factory Reactor  
  99  7:24  Armory  
  99  7:34  Siege Tank  
  99  7:35  Hellion  
  99  7:36  Hellion  
  106  7:37  SCV x2  
  108  7:49  SCV  
  109  8:02  Refinery  
  109  8:04  Supply Depot, Refinery  
  109  8:05  Supply Depot x4  
  109  8:07  Hellion x3  
  109  8:09  Engineering Bay  
  139  8:36  Command Center  
Tags
 
Add a new tag
Caveats
  • Supply blocks, unpowered buildings, or Contaminate may cause inaccurate times.
  • Supply counts are checked every 10 seconds.